 Dungeon Crawl Stone Soup version 0.28-a0-413-gde365fb1df (webtiles) character file.

Game seed: 12364107922943007969

555 porpoise the Conjurer (level 7, -7/36 HPs)
             Began as a Deep Elf Conjurer on Sept 8, 2021.
             Was an Initiate of Vehumet.
             Mangled by a yak (13 damage)
             ... on level 3 of the Dungeon.
             The game lasted 00:16:55 (4912 turns).

porpoise the Conjurer (Deep Elf Conjurer)           Turns: 4912, Time: 00:16:55

Health: -7/36      AC:  5    Str:  4    XL:     7   Next: 8%
Magic:  18/27      EV: 12    Int: 25    God:    Vehumet [......]
Gold:   216        SH:  5    Dex: 13    Spells: 7/18 levels left

rFire   . . .      SeeInvis .   a - +1 short sword (drain)
rCold   . . .      Faith    .   h - +0 buckler
rNeg    . . .      Spirit   .   b - +0 robe
rPois   .          Reflect  .   e - +0 helmet
rElec   .          Harm     .   (no cloak)
rCorr   .          Rampage  .   (no gloves)
Will    .....                   g - +1 pair of boots
Stlth   ++........              (no amulet)
HPRegen 0.12/turn               s - ring of magical power
MPRegen 0.20/turn               (no ring)

@: no status effects
A: no striking features
a: Renounce Religion


You were on level 3 of the Dungeon.
You worshipped Vehumet.
Vehumet was noncommittal.
You visited 2 branches of the dungeon, and saw 5 of its levels.

You collected 216 gold pieces.

Inventory:

Hand Weapons
 a - a +1 short sword of draining (weapon)
 y - a +0 short sword of venom
Missiles
 c - 65 stones
 k - 4 boomerangs (quivered)
 q - 33 bolts
 w - 32 sling bullets
Armour
 b - a +0 robe (worn)
 e - a +0 helmet (worn)
 g - a +1 pair of boots (worn)
 h - a +0 buckler (worn)
Jewellery
 s - a ring of magical power (left hand)
 u - a ring of ice
Scrolls
 f - a scroll of teleportation {unknown}
 i - a scroll of blinking
 o - 2 scrolls of identify {unknown}
 p - a scroll of magic mapping {unknown}
 r - 2 scrolls of brand weapon {unknown}
 v - a scroll of immolation {unknown}
 x - a scroll of amnesia {unknown}
Potions
 d - 3 potions of heal wounds {unknown}
 j - 5 potions of curing {unknown}
 l - a potion of ambrosia {unknown}
 m - a potion of attraction {unknown}
 n - a potion of degeneration {unknown}
 t - a potion of brilliance {unknown}


   Skills:
 - Level 2.4 Dodging
 - Level 2.4 Stealth
 + Level 3.8 Shields
 + Level 6.1 Spellcasting
 - Level 6.1 Conjurations
 + Level 1.1 Hexes


You had 7 spell levels left.
You knew the following spells:

 Your Spells              Type           Power      Damage    Failure   Level
a - Magic Dart            Conj           100%       1d8       1%          1
b - Searing Ray           Conj           76%        2d7       1%          2
c - Fulminant Prism       Conj/Hex       12%        3d9       16%         4
d - Iskenderun's Mystic   Conj/Tloc      23%        2d6       21%         4

Your spell library contained the following spells:

 Spells                   Type           Power      Damage    Failure   Level
 Dazzling Flash           Conj/Hex       50%        N/A       4%          3
 Corpse Rot               Necr/Air       N/A        N/A       11%         2
 Poisonous Vapours        Pois/Air       14%        N/A       11%         2
 Gell's Gravitas          Tloc           3%         N/A       22%         3
 Lesser Beckoning         Tloc           7%         N/A       22%         3
 Teleport Other           Tloc           7%         N/A       22%         3


Dungeon Overview and Level Annotations

Branches:
Dungeon (4/15)             Temple (1/1) D:4

Altars:
Ashenzari
Cheibriados
Dithmenos
Elyvilon
Fedhas
Gozag
Hepliaklqana
Kikubaaqudgha
Makhleb
Okawaru
Qazlal
Ru
Sif Muna
Vehumet
Xom
Yredelemnul
Zin
The Shining One

Annotations:
D:4 1 exclusion


Message History

The searing ray hits the yak.
The yak is heavily wounded.
The yak gores you!
The searing ray hits the yak.
The yak is heavily wounded.
The searing ray hits the yak!
The yak is moderately wounded.
You finish channelling your searing ray.
The yak barely misses you.
Casting: Searing Ray (safe; 1% risk of failure)
Confirm with . or Enter, or press ? or * to list all spells.
Aiming: Searing Ray (safe; 1% risk of failure)
Press: ? - help, Shift-Dir - straight line, f/p - yak
Aim: a yak (heavily wounded, 88% to hit)
The searing ray hits the yak.
The yak is heavily wounded.
The searing ray hits the yak.
The yak is moderately wounded. (Press . to maintain the ray.)
The yak gores you!
The searing ray hits the yak!
The yak is almost dead.
The searing ray misses the yak.
The yak gores you!
* * * LOW HITPOINT WARNING * * *
There is a stone staircase leading up here.
You climb upwards.
There is a stone staircase leading down here.
Casting: Searing Ray (safe; 1% risk of failure)
Confirm with . or Enter, or press ? or * to list all spells.
Aiming: Searing Ray (safe; 1% risk of failure)
Press: ? - help, Shift-Dir - straight line, f - yak
Aim: a yak (almost dead, 88% to hit)
The searing ray hits the yak.
The yak is almost dead. (Press . to maintain the ray.)
The yak closely misses you.
The searing ray hits the yak.
The yak is almost dead.
The yak gores you!
You die...

## ##...#..#..........##
###.#.#.....##.....#
##...........#####.# #
###............# ###.######
######..............#
#...[....#
##.........####.....##
#......... #...########
##.....## #......... ...##
###.).....# #........# ..##
##.[..@....# ####.#)### .##
#..#.Y.....# #.#.### .#
##.###.....## ####.#.... .#
#..# ##...## #....####. ##
#.## ##### #.#######. #.#
#<#....#.) ###.# #.#......#
###...# ######.#.....##
##...##########......#.....##


You could see a yak.

Vanquished Creatures
  A yak (D:4)
  A scorpion (D:4)
  A howler monkey (D:4)
  A bullfrog skeleton (D:4)
  2 orc priests
  A gnoll shaman (D:4)
  An orc wizard (D:3)
  3 gnolls (D:4)
  7 adders
  An adder skeleton (D:4)
  2 dart slugs
  7 orcs
  6 endoplasms
  7 giant cockroaches
  6 goblins
  7 hobgoblins
  4 quokkas
  7 ball pythons
  A bat (D:1)
  6 kobolds
  2 rats (D:1)
  A spectral kobold (D:1)
75 creatures vanquished.

Vanquished Creatures (others)
  2 plants (D:4)
2 creatures vanquished.

Grand Total: 77 creatures vanquished

Notes
Turn   | Place    | Note
-------+----------+-------------------------------------------
     0 | D:1      | porpoise the Deep Elf Conjurer began the quest for the Orb.
     0 | D:1      | Reached XP level 1. HP: 10/10 MP: 6/6
   264 | D:1      | Reached XP level 2. HP: 15/15 MP: 4/8
   272 | D:1      | Learned a level 2 spell: Searing Ray
   541 | D:1      | Found a faded altar of an unknown god.
   936 | D:2      | Reached skill level 5 in Conjurations
   936 | D:2      | Reached XP level 3. HP: 19/19 MP: 4/10
  1437 | D:2      | Reached XP level 4. HP: 10/24 MP: 7/12
  2052 | D:2      | Reached skill level 5 in Spellcasting
  2546 | D:3      | Reached XP level 5. HP: 28/28 MP: 12/14
  2564 | D:3      | Learned a level 4 spell: Fulminant Prism
  2569 | D:3      | Learned a level 4 spell: Iskenderun's Mystic Blast
  3188 | D:4      | Noticed a yak
  3219 | D:4      | Killed a yak
  3220 | D:4      | Reached XP level 6. HP: 6/32 MP: 6/17
  3515 | D:4      | Noticed a yak
  3515 | D:4      | Noticed a yak
  3515 | D:4      | Noticed a yak
  3515 | D:4      | Noticed a yak
  3515 | D:4      | Noticed a yak
  3762 | D:4      | Found a staircase to the Ecumenical Temple.
  3776 | Temple   | Entered the Ecumenical Temple
  3969 | Temple   | Became a worshipper of Vehumet
  4545 | D:4      | Reached XP level 7. HP: 36/36 MP: 10/18
  4546 | D:4      | Reached skill level 1 in Hexes
  4912 | D:3      | Mangled by a yak

Illustrated notes

Levels and vault maps discovered:
D:1:      ncdulo_halloftheorcs, layout_loops_ring,
          dreamdust_ecumenical_altar_drowned_temple
D:2:      layout_basic, st_stairs_12, patterned_corridor
D:3:      layout_rooms
D:4:      layout_loops_ring, minmay_temple_entry_slanted, serial_bayou_ford_a
Temple:   regret_index_temple_mists

Skill      XL: |  1  2  3  4  5  6  7 |
---------------+----------------------+-----
Spellcasting   | 4 5 6 |  6.1
Conjurations   | 5 6 |  6.1
Shields        | 2 3 |  3.8
Hexes          | 1 |  1.1
Dodging        | |  2.4
Stealth        | |  2.4

Action                   |  1- 3 |  4- 6 |  7- 9 || total
-------------------------+-------+-------+-------++-------
Throw: Boomerang         |       |    13 |       ||    13
 Cast: Magic Dart        |    36 |    23 |       ||    59
       Searing Ray       |     9 |    31 |     5 ||    45
  Use: Scroll            |       |     1 |       ||     1
Armor: Robe              |       |     1 |     1 ||     2
Dodge: Dodged            |       |     9 |     2 ||    11
Block: Buckler           |       |     1 |     1 ||     2

Table legend: (Time is in decaauts)
 A = Elapsed time spent in this place.
 B = Non-inter-level travel time spent in this place.
 C = Inter-level travel time spent in this place.
 D = Time resting spent in this place.
 E = Time spent auto-exploring this place.
 F = Levels seen in this place.
 G = Mean time per level.
                   A        B        C        D        E       F      G
               +--------+--------+--------+--------+--------+-----+--------+
         Total |   4995 |   4904 |     91 |   1860 |   2309 |   5 |  999.0 |
       Dungeon |   4723 |   4692 |     31 |   1860 |   2116 |   4 | 1180.8 |
        Temple |    272 |    213 |     59 |      0 |    193 |   1 |  272.0 |
               +--------+--------+--------+--------+--------+-----+--------+

Top non-repeatable levels by time:
     D:4: 1620 daAuts
     D:2: 1360 daAuts
     D:1: 925 daAuts
     D:3: 816 daAuts
  Temple: 272 daAuts
